Map: Nightscape LE

Players

qqq

  • Race: Zerg Zerg
  • League: Platinum
  • Spawn Location: 1:00

Massa

  • Race: Terran Terran
  • League: Platinum
  • Spawn Location: 1:00

silentkiss - Winner!

  • Race: Protoss Protoss
  • Spawn Location: 7:00

Treterpeter - Winner!

  • Race: Protoss Protoss
  • League: Diamond
  • Spawn Location: 7:00

VOD

Have the link to the VOD?

Description

Time

  • Played on: Jan. 1, 2021, 3:53 p.m.
  • Length: 12:30
Show
View Real Time Build Order
Export as new Build Order

qqq Zerg 

Build Orders: Hatch First 

Get SALT Encoding   

  12  0:00  Drone  
  13  0:08  Drone  
  14  0:18  Overlord  
  14  0:47  Hatchery  
  13  0:55  Drone x2  
  13  0:56  Drone  
  16  1:19  Drone  
  16  1:20  Spawning Pool  
  16  1:21  Drone  
  17  1:28  Drone  
  18  1:33  Extractor  
  17  1:40  Drone  
  18  1:59  Drone  
  20  2:01  Drone  
  20  2:14  Queen x2  
  25  2:15  Zergling x4  
  25  2:17  Drone  
  27  2:31  Zergling x2  
  27  2:33  Overlord x2  
  28  2:41  Metabolic Boost  
  29  2:51  Zergling x4  
  29  2:53  Zergling x4  
  29  2:56  Zergling x2  
  33  3:04  Queen  
  35  3:06  Zergling x2  
  35  3:07  Zergling x2  
  37  3:15  Zergling x2  
  37  3:16  Zergling x2  
  39  3:25  Drone  
  39  3:26  Zergling x2  
  41  3:37  Queen  
  41  3:38  Drone  
  41  3:39  Overlord  
  43  3:45  Overlord  
  43  3:56  Zergling x4  
  43  4:04  Zergling x2  
  43  4:05  Zergling x6  
  45  4:18  Drone, Zergling x4  
  45  4:21  Lair  
  44  4:31  Zergling x2  
  44  4:32  Zergling x2  
  42  4:48  Zergling x2  
  39  5:01  Zergling x4  
  39  5:02  Drone x3  
  41  5:19  Zergling x2  
  41  5:20  Drone  
  41  5:21  Hatchery  
  40  5:31  Drone  
  40  5:32  Drone  
  40  6:03  Spire, Spore Crawler  
  36  6:05  Drone x4, Extractor  
  36  6:09  Spore Crawler  
  36  6:10  Extractor  
  36  6:11  Extractor, Queen  
  37  6:25  Drone x3  
  37  6:26  Drone  
  40  6:47  Drone x4  
  40  6:48  Drone x2  
  46  6:54  Overlord  
  46  6:55  Overlord  
  44  7:04  Spore Crawler  
  44  7:05  Spore Crawler  
  39  7:09  Drone x3  
  39  7:10  Drone  
  43  7:17  Queen  
  43  7:18  Drone x2  
  43  7:22  Queen, Spore Crawler x2  
  47  7:31  Drone x2, Mutalisk  
  47  7:32  Mutalisk x3  
  47  7:36  Zerg Flyer Weapons Level 1  
  57  7:37  Queen  
  57  7:43  Mutalisk  
  61  7:45  Drone  
  61  7:49  Extractor  
  61  7:50  Extractor  
  60  7:55  Drone x2  
  60  7:56  Mutalisk  
  64  7:58  Corruptor  
  66  8:09  Corruptor  
  66  8:11  Infestation Pit  
  66  8:12  Drone  
  68  8:13  Drone  
  69  8:20  Drone x2  
  69  8:21  Drone  
  72  8:56  Overlord x6  
  72  9:30  Mutalisk  
  72  9:31  Mutalisk x2  
  74  9:32  Drone x3  
  79  9:48  Hatchery  
  79  9:52  Mutalisk  
  78  9:54  Mutalisk x2  
  76  10:01  Hatchery  
  75  10:07  Drone  
  75  10:08  Zergling x4  
  75  10:11  Hive  
  78  10:19  Hatchery  
  75  10:34  Corruptor x2  
  77  10:35  Drone  
  77  10:36  Drone  
  79  10:44  Evolution Chamber  
  79  10:46  Evolution Chamber  
  79  10:47  Drone  
  78  10:50  Hydralisk Den  
  77  10:58  Corruptor  
  77  10:59  Corruptor  
  81  11:15  Drone x2  
  81  11:16  Drone  
  81  11:17  Extractor, Spore Crawler  
  83  11:18  Zergling x2  
  83  11:20  Spore Crawler  
  82  11:26  Ultralisk Cavern  
  67  11:51  Corruptor  
  67  11:52  Hydralisk x5  
  67  11:54  Drone x2  
Show
View Real Time Build Order
Export as new Build Order

Massa Terran 

Build Orders:  

Get SALT Encoding   

  12  0:00  SCV  
  13  0:12  SCV  
  14  0:22  Supply Depot  
  14  0:26  SCV  
  15  0:35  Refinery  
  15  0:44  SCV  
  15  0:47  Barracks  
  16  0:56  SCV  
  17  1:14  Barracks  
  17  1:17  SCV  
  18  1:30  SCV  
  19  1:36  Barracks Tech Lab  
  19  1:41  Supply Depot  
  19  1:42  Orbital Command  
  19  1:55  Marauder  
  19  1:56  Concussive Shells  
  19  2:00  Barracks Tech Lab  
  21  2:13  SCV  
  22  2:16  Marauder  
  22  2:19  Marauder  
  26  2:37  Marauder  
  26  2:41  Bunker  
  28  2:55  Marauder  
  30  3:03  Supply Depot  
  30  3:06  Supply Depot  
  30  3:16  Command Center  
  30  3:25  Marauder x2  
  34  3:46  Marine x2  
  26  4:04  Marine x2  
  26  4:06  SCV  
  25  4:18  SCV  
  25  4:21  Factory, Marine  
  25  4:22  Marine  
  28  4:28  Engineering Bay  
  28  4:31  Refinery  
  28  4:33  Orbital Command  
  28  4:38  Barracks  
  28  4:40  Marauder  
  29  4:58  Marine  
  27  5:01  Marine  
  27  5:02  SCV x2  
  27  5:06  Factory Tech Lab  
  30  5:10  Missile Turret  
  30  5:14  SCV x2  
  30  5:16  Marine  
  30  5:17  Starport  
  30  5:20  Terran Infantry Weapons Level 1  
  33  5:28  Marine  
  29  5:48  SCV x2  
  31  5:51  Marine  
  31  5:55  Barracks  
  32  6:00  SCV x2, Barracks x2  
  32  6:04  Cyclone  
  35  6:06  Mag-Field Accelerator  
  35  6:09  Marine  
  35  6:11  Starport Tech Lab  
  36  6:14  SCV x2, Missile Turret  
  38  6:19  Missile Turret  
  38  6:26  SCV  
  38  6:27  Marine  
  40  6:44  Marine  
  40  6:49  Raven  
  40  6:53  Marine x3  
  43  7:02  Marine  
  44  7:11  Cyclone  
  47  7:20  Supply Depot  
  47  7:21  Supply Depot  
  47  7:24  Supply Depot  
  47  7:41  Marine x4, Medivac  
  53  7:47  Marine  
  54  7:57  Cyclone  
  57  7:59  Marine x4  
  57  8:03  Command Center  
  62  8:10  Barracks Tech Lab  
  62  8:11  Medivac  
  63  8:16  Marine x3  
  66  8:56  Siege Tank  
  66  8:57  Barracks Tech Lab  
  66  8:58  Stimpack  
  66  9:49  Marauder x2, Marine x3  
  62  10:07  Marine x2  
  53  10:10  Marauder  
  53  10:11  Marauder  
  48  10:14  Marine  
  48  10:17  Orbital Command  
  48  10:18  SCV  
  48  10:24  Marine  
  48  10:25  Marine  
  50  10:30  SCV  
  50  10:32  Marauder x2, Marine  
  56  10:41  Missile Turret  
  56  10:42  SCV, Marine x2, Ghost Academy  
  59  10:50  Marine  
  59  10:53  Marauder, Marine  
  59  10:55  Combat Shield  
  61  11:00  Marine  
  62  11:05  Missile Turret  
  62  11:08  Sensor Tower  
  62  11:10  Siege Tank  
  65  11:13  Marauder, Marine x2  
  65  11:14  Marauder  
  71  11:32  Barracks Tech Lab  
  71  11:34  Ghost  
  73  11:51  Medivac  
Show
View Real Time Build Order
Export as new Build Order

silentkiss Protoss - Winner!

Build Orders:  

Get SALT Encoding   

  12  0:00  Probe  
  13  0:12  Probe  
  14  0:24  Probe  
  14  0:25  Pylon  
  15  0:43  Probe (Chrono Boost), Gateway  
  16  0:53  Gateway  
  16  0:54  Probe (Chrono Boost)  
  17  0:58  Probe (Chrono Boost)  
  18  1:04  Assimilator  
  18  1:09  Probe  
  19  1:16  Pylon  
  19  1:21  Probe  
  20  1:26  Assimilator  
  20  1:34  Probe  
  20  1:35  Cybernetics Core  
  21  1:46  Probe  
  22  1:58  Probe  
  23  2:14  Stargate  
  23  2:23  Probe  
  24  2:35  Probe  
  24  2:46  Nexus  
  24  2:48  Void Ray (Chrono Boost)  
  24  2:57  Gateway  
  28  3:18  Pylon  
  28  3:19  Pylon  
  28  3:29  Void Ray (Chrono Boost)  
  28  3:36  Probe  
  34  3:55  Probe  
  34  3:59  Void Ray  
  34  4:06  Pylon  
  34  4:07  Probe, Pylon  
  39  4:20  Probe  
  39  4:36  Void Ray  
  42  5:02  Probe  
  42  5:05  Probe  
  44  5:13  Void Ray  
  44  5:14  Probe  
  45  5:17  Probe  
  45  5:19  Pylon  
  45  5:20  Pylon  
  50  5:26  Probe  
  51  5:29  Probe  
  53  5:42  Probe  
  53  5:43  Probe  
  53  5:47  Assimilator  
  53  5:48  Assimilator  
  54  5:51  Void Ray  
  54  5:55  Probe x2  
  60  6:07  Probe x2  
  62  6:14  Pylon  
  62  6:17  Pylon  
  62  6:19  Probe  
  63  6:32  Void Ray  
  63  6:35  Probe x2  
  65  6:47  Probe x2  
  67  6:59  Probe  
  67  7:00  Probe  
  69  7:09  Void Ray (Chrono Boost)  
  69  7:11  Probe  
  69  7:12  Probe  
  75  7:18  Protoss Air Weapons Level 1 (Chrono Boost)  
  75  7:22  Stargate  
  75  7:23  Fleet Beacon  
  75  7:24  Probe x2  
  77  7:36  Probe  
  78  7:43  Void Ray (Chrono Boost)  
  78  7:50  Cybernetics Core  
  82  8:06  Forge  
  82  8:14  Nexus  
  82  8:17  Assimilator  
  90  8:22  Assimilator  
  90  8:24  Pylon  
  90  8:28  Pylon  
  90  8:31  Pylon  
  82  8:42  Phoenix x2  
  82  8:44  Anion Pulse-Crystals (Chrono Boost)  
  70  8:55  Photon Cannon x2  
  58  8:56  Photon Cannon x2  
  58  8:57  Photon Cannon  
  58  8:58  Photon Cannon  
  58  9:00  Photon Cannon  
  58  9:04  Phoenix  
  58  9:07  Photon Cannon, Phoenix  
  57  9:22  Phoenix  
  56  9:27  Pylon  
  56  9:29  Pylon  
  54  9:32  Phoenix  
  52  9:42  Probe x2  
  54  9:47  Photon Cannon  
  54  9:54  Probe  
  54  9:55  Probe  
  54  9:57  Phoenix  
  58  10:00  Phoenix  
  58  10:07  Probe x2  
  62  10:19  Probe x3  
  65  10:22  Phoenix  
  65  10:25  Phoenix  
  67  10:32  Probe (Chrono Boost)  
  68  10:39  Probe (Chrono Boost)  
  70  10:45  Probe (Chrono Boost)  
  70  10:49  Probe x2 (Chrono Boost), Photon Cannon  
  74  10:50  Phoenix (Chrono Boost)  
  74  10:51  Phoenix (Chrono Boost)  
  74  10:53  Probe (Chrono Boost)  
  74  10:54  Probe (Chrono Boost)  
  78  11:01  Probe  
  78  11:04  Probe  
  80  11:06  Probe  
  81  11:11  Phoenix (Chrono Boost)  
  81  11:15  Phoenix (Chrono Boost)  
  85  11:38  Phoenix (Chrono Boost)  
  85  11:44  Phoenix (Chrono Boost)  
  85  11:56  Phoenix (Chrono Boost)  
  85  12:00  Phoenix (Chrono Boost)  
Show
View Real Time Build Order
Export as new Build Order

Treterpeter Protoss - Winner!

Build Orders: 1 Gate Expand 

Get SALT Encoding   

  12  0:00  Probe  
  13  0:12  Probe  
  14  0:21  Pylon  
  14  0:24  Probe  
  15  0:39  Probe (Chrono Boost)  
  15  0:41  Gateway  
  16  0:49  Assimilator  
  16  0:51  Probe (Chrono Boost)  
  18  1:11  Probe  
  18  1:20  Nexus  
  18  1:27  Pylon  
  18  1:41  Cybernetics Core  
  18  1:54  Probe (Chrono Boost)  
  18  1:55  Assimilator  
  19  2:04  Probe (Chrono Boost)  
  19  2:06  Pylon  
  20  2:11  Probe  
  21  2:16  Adept (Chrono Boost)  
  21  2:21  Warp Gate  
  23  2:24  Probe (Chrono Boost)  
  24  2:33  Probe (Chrono Boost)  
  24  2:34  Gateway  
  26  2:41  Probe (Chrono Boost)  
  26  2:43  Gateway  
  26  2:53  Shield Battery  
  26  2:55  Pylon  
  26  3:03  Stalker  
  28  3:12  Shield Battery  
  28  3:15  Probe  
  29  3:39  Adept (Chrono Boost)  
  23  4:16  Probe x2  
  25  4:29  Probe x2  
  27  4:35  Pylon  
  27  4:37  Pylon  
  27  4:41  Probe x2  
  28  4:48  Pylon  
  26  5:05  Adept  
  28  5:09  Shield Battery  
  28  5:11  Shield Battery  
  28  5:24  Pylon  
  28  5:41  Probe  
  28  5:42  Probe  
  30  5:44  Adept  
  30  5:48  Gateway  
  32  5:57  Probe (Chrono Boost)  
  32  6:02  Probe (Chrono Boost)  
  34  6:05  Robotics Facility  
  34  6:07  Probe (Chrono Boost)  
  34  6:08  Pylon  
  36  6:13  Probe (Chrono Boost)  
  36  6:14  Probe (Chrono Boost)  
  37  6:19  Assimilator  
  37  6:23  Probe (Chrono Boost), Assimilator  
  37  6:25  Probe (Chrono Boost)  
  39  6:28  Probe (Chrono Boost), Gateway  
  39  6:29  Gateway  
  39  6:32  Gateway  
  40  6:33  Probe  
  40  6:38  Pylon  
  41  6:45  Zealot x2  
  46  6:47  Probe (Chrono Boost)  
  46  6:52  Probe (Chrono Boost), Forge  
  47  6:56  Probe (Chrono Boost)  
  47  6:57  Twilight Council  
  47  7:00  Probe (Chrono Boost)  
  49  7:12  Immortal (Chrono Boost)  
  49  7:15  Protoss Ground Weapons Level 1 (Chrono Boost)  
  53  7:20  Probe x2  
  53  7:22  Gateway  
  55  7:30  Zealot x3  
  55  7:31  Charge (Chrono Boost), Zealot x2  
  55  7:32  Probe  
  66  7:39  Probe  
  67  7:44  Probe  
  67  7:46  Warp Prism (Chrono Boost)  
  67  7:47  Robotics Bay  
  67  7:51  Probe  
  71  7:56  Probe, Nexus  
  72  8:01  Pylon  
  72  8:03  Probe, Zealot  
  72  8:04  Zealot x4  
  83  8:08  Probe  
  83  8:11  Templar Archives  
  84  8:20  Zealot, Immortal (Chrono Boost)  
  90  8:48  Pylon  
  90  8:49  High Templar  
  90  8:50  High Templar  
  90  8:53  Pylon  
  94  8:56  Pylon  
  94  9:09  Stalker  
  96  9:10  Stalker x2  
  100  9:22  Archon  
  96  9:24  Zealot  
  96  9:25  Zealot x2  
  96  9:27  Gateway  
  102  9:33  Assimilator  
  98  9:58  Stalker x5  
  98  9:59  Stalker  
  78  10:14  Probe x3  
  78  10:15  Colossus  
  78  10:17  Zealot  
  78  10:20  Gateway  
  83  10:22  Gateway  
  83  10:24  Gateway  
  83  10:27  Probe (Chrono Boost), Pylon  
  90  10:31  Zealot x2  
  90  10:32  Zealot x4  
  90  10:35  Probe (Chrono Boost)  
  104  10:40  Probe (Chrono Boost)  
  104  10:41  Assimilator  
  105  10:44  Probe (Chrono Boost)  
  105  10:45  Probe (Chrono Boost)  
  105  10:49  Probe (Chrono Boost), Extended Thermal Lance  
  107  10:50  Probe x2 (Chrono Boost)  
  107  10:54  High Templar  
  107  10:55  High Templar x4  
  119  10:59  Probe, Archon x2  
  119  11:02  High Templar  
  122  11:04  Zealot  
  122  11:06  Archon  
  128  11:11  Immortal  
  128  11:15  Probe x3  
  131  11:20  Photon Cannon  
  131  11:22  Shield Battery  
  131  11:29  Zealot x2  
  131  11:30  Zealot x2  
  139  11:51  Observer  
  140  12:01  Pylon  
  116  12:27  Zealot x4  
  116  12:28  Zealot x6  
Tags
 
Add a new tag
Caveats
  • Supply blocks, unpowered buildings, or Contaminate may cause inaccurate times.
  • Supply counts are checked every 10 seconds.